 Dungeon Crawl Stone Soup version 0.17-a0-1763-g847a857 (webtiles) character file.

121 Magnus the Ducker (level 4, 0/35 HPs)
             Began as a Mummy Gladiator on Sept 5, 2015.
             Slain by a phantom (7 damage)
             ... on level 3 of the Dungeon.
             The game lasted 00:06:19 (2733 turns).

Magnus the Ducker (Mummy Gladiator)                 Turns: 2733, Time: 00:06:19

Health: 0/35       AC:  4    Str: 18    XL:     4   Next: 77%
Magic:  4/4        EV: 12    Int:  8    God:
Gold:   130        SH:  0    Dex: 12    Spells: 0 memorised, 3 levels left

rFire  x . .     SeeInvis .     a - +0 long sword
rCold  + . .     Clarity  .     b - +0 leather armour
rNeg   + + +     SustAt   .     (no shield)
rPois  ∞         Gourm    .     c - +0 helmet
rElec  .         Spirit   .     (no cloak)
rCorr  .         Warding  .     (no gloves)
rMut   .         Stasis   .     (no boots)
MR     .....                    (no amulet)
Stlth  +.........               (no ring)
                                g - ring of wizardry

@: not resistant to hostile enchantments, very unstealthy
A: no food or potions, fire vulnerability, cold resistance 1, negative energy
resistance 3, torment resistance, unbreathing
a: no special abilities


You were on level 3 of the Dungeon.
You were not hungry.

You visited 1 branch of the dungeon, and saw 3 of its levels.

You collected 130 gold pieces.

Inventory:

Hand weapons
 a - a +0 long sword (weapon)
Missiles
 d - 3 throwing nets (quivered)
 j - 2 tomahawks
Armour
 b - a +0 leather armour (worn)
 c - a +0 helmet (worn)
Jewellery
 g - a ring of wizardry (left hand)
Magical devices
 k - a wand of fireball (4)
Scrolls
 e - 3 scrolls of identify {unknown}
 f - a scroll of noise {unknown}
 h - a scroll of teleportation {unknown}
 i - a scroll of blinking {unknown}
 l - a scroll of amnesia {unknown}


   Skills:
 + Level 3.2 Fighting
 + Level 3.2 Long Blades
 - Level 1.5 Throwing
 + Level 3.3 Dodging


You had 3 spell levels left.
You didn't know any spells.

Dungeon Overview and Level Annotations

Branches:
Dungeon (3/15)

Altars:
Nemelex Xobeh
Xom


Innate Abilities, Weirdness & Mutations

You do not eat or drink.
Your flesh is vulnerable to fire.
You are immune to poison.
Your flesh is cold resistant.
You are immune to negative energy.
You are immune to unholy pain and torment.
You can survive without breathing.


Message History

The phantom is lightly damaged.
The phantom closely misses you.
You hit the phantom.
The phantom is moderately damaged.
The phantom hits you!
You closely miss the phantom.
The phantom is moderately damaged.
The phantom hits you!
* * * LOW HITPOINT WARNING * * *
The phantom blinks!
You are too injured to fight recklessly!
You are too injured to fight recklessly!
You are too injured to fight recklessly!
You are too injured to fight recklessly!
You are too injured to fight recklessly!
You are too injured to fight recklessly!
You are too injured to fight recklessly!
You are too injured to fight recklessly!
The phantom hits you!
You die...

#...# ####
########...## .
..... ............#
. #####
########....# ##. #
######....# .. #
#.........# .# #
#####.###########.#
#
...!........[....$#
#####.##....####@W#
#.......# #..#
####....# #..#
#....# #..# #....#
#..# #....# #...
##.### #.##. #.#
#.. . #.# ... .


You could see a phantom.

Vanquished Creatures
  Jessica (D:2)
  An adder (D:2)
  4 gnolls (D:3)
  2 oozes
  A worm (D:2)
  A giant gecko (D:1)
  4 bats
  6 hobgoblins
  7 kobolds
  3 giant cockroaches
  A giant newt (D:1)
  6 goblins
  3 rats (D:1)
40 creatures vanquished.

Notes
Turn   | Place    | Note
--------------------------------------------------------------
     0 | D:1      | Magnus the Mummy Gladiator began the quest for the Orb.
     0 | D:1      | Reached XP level 1. HP: 16/16 MP: 1/1
   173 | D:1      | Reached XP level 2. HP: 12/23 MP: 2/2
  1101 | D:2      | Reached XP level 3. HP: 24/28 MP: 3/3
  1498 | D:2      | Noticed Jessica
  1504 | D:2      | Killed Jessica
  1504 | D:2      | Reached skill level 3 in Fighting
  1649 | D:2      | Found a sparkling altar of Nemelex Xobeh.
  1680 | D:2      | Reached XP level 4. HP: 19/35 MP: 4/4
  2218 | D:2      | Found a shimmering altar of Xom.
  2707 | D:3      | Noticed a phantom
  2733 | D:3      | Slain by a phantom

Vault maps used:
D:1:      mrwooster_arrival_statue
D:2:      nemelex_deck, nicolae_overflow_hidden_temple, uniq_jessica

Action                   |  1- 3 |  4- 6 || total
-------------------------+-------+-------++-------
Melee: Long sword        |    71 |    55 ||   126
 Stab: Sleeping          |       |     1 ||     1
